 Dungeon Crawl Stone Soup version 0.23-a0-480-g1869896531 (webtiles) character file.

11428 LostNumber the Summoner (level 11, -8/86 HPs)
             Began as a Mummy Summoner on Nov 29, 2018.
             Was a Priest of Kikubaaqudgha.
             Mangled by a death yak (24 damage)
             ... on level 4 of the Lair of Beasts.
             The game lasted 00:35:49 (19285 turns).

LostNumber the Summoner (Mummy Summoner)           Turns: 19285, Time: 00:35:49

Health: -8/86      AC: 10    Str: 21    XL:     11   Next: 49%
Magic:  12/23      EV: 14    Int: 18    God:    Kikubaaqudgha [***...]
Gold:   796        SH:  0    Dex: 13    Spells: 7/26 levels left

rFire    . . .     SeeInvis +   D - +0 trident (pierce)
rCold    + + .     Gourm    .   (no shield)
rNeg     + + +     Faith    .   w - +2 robe of the Elven Halls {rN+ Str+3}
rPois    ∞         Spirit   .   n - +1 helmet "Myipsiff" {SInv}
rElec    .         Reflect  .   m - scarf {rC+ rF+}
rCorr    +         Harm     .   z - +2 pair of gloves {Dex+3}
MR       ++...                  s - +0 pair of boots of Discretion {Str+7 Dex-3 SInv}
Stlth    ++........             (no amulet)
HPRegen  0.24/turn              b - ring of protection from magic
MPRegen  0.18/turn              o - ring of resist corrosion

@: no status effects
A: no food or potions, fire vulnerability, cold resistance 1, negative energy
resistance 3, torment resistance, unbreathing
a: Receive Corpses, Renounce Religion


You were on level 4 of the Lair of Beasts.
You worshipped Kikubaaqudgha.
Kikubaaqudgha was most pleased with you.
You were not hungry.

You visited 3 branches of the dungeon, and saw 16 of its levels.

You collected 856 gold pieces.
You spent 60 gold pieces at shops.

Inventory:

Hand Weapons
 c - a +1 vampiric dagger
 v - a +0 trident
 C - a -3 spear
 D - a +0 trident of piercing (weapon)
Armour
 a - a +0 robe
 h - a +0 leather armour
 m - a scarf of resistance (worn)
 n - the +1 helmet "Myipsiff" (worn) {SInv}
   (You found it on level 7 of the Dungeon)

   It lets you see invisible.
 q - a +0 troll leather armour
 s - the +0 pair of boots of Discretion (worn) {Str+7 Dex-3 SInv}
   (You found it on level 4 of the Dungeon)

   It affects your strength (+7).
   It affects your dexterity (-3).
   It lets you see invisible.
 u - a +0 pair of gloves
 w - the +2 robe of the Elven Halls (worn) {rN+ Str+3}
   (You found it on level 9 of the Dungeon)

   It affects your strength (+3).
   It protects you from negative energy.
 z - a +2 pair of gloves of dexterity (worn)
 B - a +2 hat
Jewellery
 b - a ring of protection from magic (left hand)
 o - a ring of resist corrosion (right hand)
 A - an uncursed ring of see invisible
Wands
 g - a wand of polymorph (2)
 l - a wand of flame (42)
 y - a wand of acid (7)
 G - a wand of random effects (20)
Scrolls
 d - 6 scrolls of amnesia
 e - 4 scrolls of immolation
 f - a scroll of blinking
 i - 3 scrolls of teleportation
 j - 3 scrolls of magic mapping
 k - 2 scrolls of remove curse
 p - 3 scrolls of enchant weapon
 r - 4 scrolls of enchant armour
 t - 2 scrolls of fog
 E - a scroll of silence {unknown}
 F - a scroll of brand weapon {unknown}
Miscellaneous
 x - a phial of floods


   Skills:
 + Level 7.9 Fighting
 + Level 5.3 Polearms
 + Level 4.2 Dodging
 - Level 1.5 Stealth
 - Level 8.0 Spellcasting
 + Level 9.1 Summonings
 - Level 4.0 Ice Magic
 - Level 4.0 Air Magic
 * Level 3.4 Earth Magic


You had 7 spell levels left.
You knew the following spells:

 Your Spells              Type           Power        Failure   Level  Hunger
a - Summon Small Mammal   Summ           ####         1%          1    N/A
b - Call Imp              Summ           #####...     1%          2    N/A
c - Call Canine Familiar  Summ           #####...     1%          3    N/A
d - Summon Ice Beast      Ice/Summ       ####....     6%          4    N/A
e - Summon Lightning Spi  Summ/Air       ####....     6%          4    N/A
f - Borgnjor's Vile Clut  Necr/Erth      ##........   80%         5    N/A

Your spell library contained the following spells:

 Spells                   Type           Power        Failure   Level  Hunger
 Summon Guardian Golem    Hex/Summ       ###.....     4%          3    N/A
 Animate Skeleton         Necr           N/A          10%         1    N/A
 Confusing Touch          Hex            #.....       10%         1    N/A
 Corona                   Hex            #......      10%         1    N/A
 Flame Tongue             Conj/Fire      #....        10%         1    N/A
 Pain                     Necr           #...         10%         1    N/A
 Corpse Rot               Necr           N/A          14%         2    N/A
 Slow                     Hex            #.......     14%         2    N/A
 Throw Flame              Conj/Fire      #.....       14%         2    N/A
 Confuse                  Hex            #.......     28%         3    N/A
 Conjure Flame            Conj/Fire      #.......     28%         3    N/A
 Gell's Gravitas          Tloc           #.........   28%         3    N/A
 Inner Flame              Hex/Fire       #.......     28%         3    N/A
 Portal Projectile        Hex/Tloc       #.....       28%         3    N/A
 Vampiric Draining        Necr           #.........   28%         3    N/A
 Leda's Liquefaction      Hex/Erth       ##........   43%         4    N/A
 Petrify                  Tmut/Erth      ##......     43%         4    N/A
 Cause Fear               Hex            #.........   67%         4    N/A
 Sticky Flame             Conj/Fire      #.......     67%         4    N/A
 Metabolic Englaciation   Hex/Ice        ##........   75%         5    N/A
 Agony                    Necr           #.......     95%         5    N/A
 Dispel Undead            Necr           #.......     95%         5    N/A
 Excruciating Wounds      Chrm/Necr      #.........   95%         5    N/A
 Fireball                 Conj/Fire      #.........   95%         5    N/A
 Yara's Violent Unravell  Hex/Tmut       #.........   95%         5    N/A
 Simulacrum               Ice/Necr       ##........   100%        6    N/A

Dungeon Overview and Level Annotations

Branches:
Dungeon (10/15)            Temple (1/1) D:6            Lair (5/6) D:8
 Shoals (0/4) Lair:3       Spider (0/4) Lair:2
  Slime: Lair:5-6       Orc: D:9-12

Altars:
Ashenzari
Cheibriados
Dithmenos
Elyvilon
Fedhas
Gozag
Hepliaklqana
Kikubaaqudgha
Makhleb
Nemelex Xobeh
Okawaru
Qazlal
Ru
Sif Muna
Trog
Uskayaw
Vehumet
Wu Jian
Xom
Yredelemnul
Zin
The Shining One

Shops:
D:4 !   D:6 ?

Annotations:
D:7 Pikel
Lair:1 1 exclusion
Lair:2 2 transporters


Innate Abilities, Weirdness & Mutations

You do not eat or drink.
Your flesh is vulnerable to fire.
You are immune to poison.
Your flesh is cold resistant. (rC+)
You are immune to negative energy. (rN+++)
You are immune to unholy pain and torment.
You can survive without breathing.


Message History

Unknown command.
Casting: Summon Lightning Spire (safe; 6% risk of failure)
Confirm with . or Enter, or press ? or * to list all spells.
A chill wind blows around you.
Unknown command.
Your ice beast hits the death yak but does no damage.
Casting: Summon Ice Beast (safe; 6% risk of failure)
Confirm with . or Enter, or press ? or * to list all spells.
A chill wind blows around you. The death yak gores you!!
Unknown command.
Casting: Summon Ice Beast (safe; 6% risk of failure)
Confirm with . or Enter, or press ? or * to list all spells.
A chill wind blows around you. The death yak gores you!!
* * * LOW HITPOINT WARNING * * *
The death yak gores you.
* * * LOW HITPOINT WARNING * * *
Your ice beast barely misses the death yak.
The death yak gores you!!
You die...
Kikubaaqudgha rasps: "You have failed me!
Welcome... oblivion!"

......#....#.....##.....#.....#..
......#....#......P....##.....##.
.....##.................#.....##.
............P....##.....#.....#..
......#....#P.#####....#.........
###..#.....#..P###P......#.#..##.
.#.###.................#.##..P##.
...................Y.............
................@Y...............
.................YY..............
..................Y..............
...........P#..+.#...............
#.#........P###.P###......P####P#
#.###......####+## #......##.####
#.###.......#P...###.....#......#
...##.......##...##......##....#.
..###......###...###............)


You could see 2 death yaks and 3 friendly ice beasts.

Vanquished Creatures
  Gastronok (Lair:3)
  A black mamba (Lair:5)
  A merfolk siren (Lair:3)
  2 spiny frogs (Lair:1)
  2 komodo dragons
  A hornet (D:8)
  A polar bear (Lair:3)
  A hungry ghost (D:9)
  3 water moccasins
  A sky beast (D:9)
  An ice beast (D:5)
  A phantom (D:10)
  3 necrophages
  A wolf (Lair:3)
  2 ogres
  2 crocodiles
  5 bullfrogs
  A scorpion (D:9)
  A howler monkey (D:7)
  3 bullfrog zombies
  A jelly (D:9)
  2 hounds
  An orc priest (D:7)
  2 orc wizards
  2 centaur skeletons
  A worker ant (D:4)
  5 adders
  11 orcs
  6 bats
  2 giant cockroaches
  4 goblins
  2 hobgoblins (D:2)
  7 jackals
  3 quokkas
  3 ball pythons
  2 frilled lizards
  5 kobolds
  A quokka skeleton (D:4)
  2 rats
96 creatures vanquished.

Vanquished Creatures (collateral kills)
  A two-headed ogre (D:9)
  4 death yaks
  An oklob plant (Lair:4)
  A merfolk siren (Lair:3)
  A black mamba (Lair:3)
  3 spiny frogs
  A rime drake (Lair:2)
  3 trolls (D:9)
  2 merfolk (Lair:3)
  A polar bear (Lair:4)
  Prince Ribbit (D:5)
  A hippogriff (D:9)
  2 redbacks (Lair:2)
  3 yaks (Lair:3)
  A wyvern (D:8)
  Grum (D:8)
  A hungry ghost (D:9)
  4 water moccasins
  4 porcupines
  A black bear (D:7)
  An orc warrior (D:6)
  A slave (D:6)
  4 ice beasts
  2 phantoms
  4 ogres
  2 necrophages
  4 wolves
  2 centaurs
  4 crocodiles
  7 bullfrogs
  2 scorpions
  5 wights (D:8)
  A howler monkey (D:7)
  4 crimson imps
  3 jellies
  2 orc wizards
  A hound (D:6)
  Jessica (D:2)
  7 hell rats (Lair:2)
  3 iguanas
  Natasha (thrice) (D:2)
  3 worker ants
  A hound zombie (D:5)
  A hound skeleton (D:9)
  9 adders
  A shadow imp (D:8)
  2 oozes
  A worm (D:3)
  2 dart slugs
  6 leopard geckos
  9 orcs
  2 bats (D:2)
  3 giant cockroaches
  3 goblins
  4 hobgoblins
  6 jackals
  A quokka (D:3)
  A ball python (D:2)
  8 kobolds
163 creatures vanquished.

Vanquished Creatures (others)
  10 fungi
  6 plants
16 creatures vanquished.

Grand Total: 275 creatures vanquished

Notes
Turn   | Place    | Note
-------+----------+-------------------------------------------
     0 | D:1      | LostNumber the Mummy Summoner began the quest for the Orb.
     0 | D:1      | Reached XP level 1. HP: 13/13 MP: 4/4
   235 | D:1      | Reached XP level 2. HP: 20/20 MP: 5/5
   254 | D:1      | Learned a level 2 spell: Call Imp
   675 | D:2      | Reached skill level 1 in Fighting
  1020 | D:2      | Noticed Jessica
  1022 | D:2      | Noticed Natasha
  1024 | D:2      | Killed Jessica
  1024 | D:2      | Reached XP level 3. HP: 26/26 MP: 0/7
  1031 | D:2      | Killed Natasha
  1303 | D:2      | Reached skill level 4 in Summonings
  1321 | D:2      | Learned a level 3 spell: Call Canine Familiar
  1327 | D:2      | Noticed Natasha
  1342 | D:2      | Killed Natasha
  1342 | D:2      | Reached XP level 4. HP: 20/33 MP: 0/9
  1458 | D:2      | Noticed Natasha
  1466 | D:2      | Killed Natasha
  2127 | D:3      | Noticed a phantom
  2161 | D:3      | HP: 1/33 [phantom (8)]
  2171 | D:3      | Killed a phantom
  2171 | D:3      | Reached XP level 5. HP: 3/39 MP: 1/11
  2225 | D:3      | Noticed an ogre
  2248 | D:3      | Killed an ogre
  2614 | D:3      | Noticed a necrophage
  2627 | D:3      | Killed a necrophage
  2627 | D:3      | Reached XP level 6. HP: 24/46 MP: 10/12
  2833 | D:3      | Found a glowing golden altar of the Shining One.
  2933 | D:3      | Reached skill level 5 in Summonings
  2989 | D:3      | Learned a level 4 spell: Summon Ice Beast
  3520 | D:4      | Reached skill level 1 in Ice Magic
  3577 | D:4      | Found Xaompuur's Distillery.
  3587 | D:4      | Got a pair of encrusted boots
  3593 | D:4      | Identified the cursed +0 pair of boots of Discretion {Str+7
                  | Dex-3 SInv} (You found it on level 4 of the Dungeon)
  3684 | D:5      | Entered Level 5 of the Dungeon
  3700 | D:5      | Reached skill level 5 in Spellcasting
  3727 | D:5      | Reached XP level 7. HP: 33/52 MP: 5/14
  3921 | D:5      | Noticed Prince Ribbit
  4070 | D:5      | Killed Prince Ribbit
  5164 | D:5      | Reached skill level 6 in Summonings
  5290 | D:5      | Reached XP level 8. HP: 55/60 MP: 3/16
  5580 | D:6      | Found a staircase to the Ecumenical Temple.
  5588 | Temple   | Entered the Ecumenical Temple
  5689 | Temple   | Became a worshipper of Kikubaaqudgha
  6127 | D:6      | Found an iron altar of Okawaru.
  6272 | D:6      | Found a hide-covered altar of Uskayaw.
  6280 | D:6      | Found Juub's Magic Scroll Boutique.
  6298 | D:6      | Bought a scroll of teleportation for 36 gold pieces
  6298 | D:6      | Bought a scroll of identify for 24 gold pieces
  6817 | D:6      | Reached skill level 1 in Polearms
  6989 | D:6      | Learned a level 4 spell: Summon Lightning Spire
  7504 | D:7      | Noticed Pikel
  7707 | D:7      | Reached * piety under Kikubaaqudgha
  7707 | D:7      | Identified Kikubaaqudgha's Reference Book on Evil Rituals
                  | (Kikubaaqudgha gifted it to you on level 7 of the Dungeon)
  7707 | D:7      | Received a gift from Kikubaaqudgha
  8256 | D:7      | Got a brightly glowing helmet
  8262 | D:7      | Identified the +1 helmet "Myipsiff" {SInv} (You found it on
                  | level 7 of the Dungeon)
  8282 | D:8      | Noticed Grum
  8573 | D:8      | Reached skill level 1 in Air Magic
  8615 | D:8      | Reached XP level 9. HP: 63/67 MP: 18/18
  8749 | D:8      | Found a staircase to the Lair.
  8904 | D:8      | Found a radiant altar of Vehumet.
  9002 | D:8      | Found a sacrificial altar of Ru.
  9027 | D:8      | Reached skill level 5 in Fighting
  9027 | D:8      | Reached skill level 7 in Summonings
  9476 | D:8      | Killed Grum
 10012 | D:8      | Found an opulent altar of Gozag.
 10392 | D:9      | Noticed a troll
 10423 | D:10     | Entered Level 10 of the Dungeon
 10712 | D:10     | Reached ** piety under Kikubaaqudgha
 11181 | D:9      | Killed a troll
 11412 | D:9      | Noticed a two-headed ogre
 11424 | D:9      | Killed a two-headed ogre
 11515 | D:9      | Noticed a troll
 11525 | D:9      | Killed a troll
 11619 | D:9      | Reached XP level 10. HP: 35/76 MP: 9/21
 12027 | D:9      | Got a shadowed robe
 12039 | D:9      | Identified the +2 robe of the Elven Halls {rN+ Str+3} (You
                  | found it on level 9 of the Dungeon)
 12399 | Lair:1   | Entered Level 1 of the Lair of Beasts
 12422 | Lair:1   | Noticed a spiny frog
 12434 | Lair:1   | Killed a spiny frog
 12584 | Lair:1   | Noticed a spiny frog
 12589 | Lair:1   | Killed a spiny frog
 12802 | Lair:1   | Noticed a spiny frog
 12809 | Lair:1   | Killed a spiny frog
 13451 | Lair:2   | Noticed a spiny frog
 13457 | Lair:2   | Killed a spiny frog
 13568 | Lair:2   | Found a hole to the Spider Nest.
 13843 | Lair:2   | Reached skill level 8 in Summonings
 14991 | Lair:2   | Found a transporter.
 15033 | Lair:2   | Reached *** piety under Kikubaaqudgha
 15033 | Lair:2   | Identified Kikubaaqudgha's Collected Works on Evil
                  | (Kikubaaqudgha gifted it to you on level 2 of the Lair of
                  | Beasts)
 15033 | Lair:2   | Received a gift from Kikubaaqudgha
 15100 | Lair:2   | Learned a level 5 spell: Borgnjor's Vile Clutch
 15171 | Lair:2   | Found a transporter.
 15404 | Lair:3   | Noticed Gastronok
 15498 | Lair:3   | Killed Gastronok
 15498 | Lair:3   | Reached skill level 1 in Earth Magic
 15626 | Lair:3   | Noticed a merfolk siren
 15639 | Lair:3   | Noticed a merfolk siren
 15653 | Lair:3   | Killed a merfolk siren
 15653 | Lair:3   | Reached XP level 11. HP: 68/84 MP: 7/23
 15667 | Lair:3   | Found a staircase to the Shoals.
 15905 | Lair:3   | HP: 3/84 [black mamba (9)]
 17077 | Lair:3   | Reached skill level 5 in Polearms
 17412 | Lair:4   | Noticed an oklob plant
 17594 | Lair:4   | Killed an oklob plant
 17634 | Lair:4   | Reached skill level 9 in Summonings
 18357 | Lair:5   | Noticed a death yak
 18357 | Lair:5   | Noticed a death yak
 18365 | Lair:5   | Noticed a death yak
 18365 | Lair:5   | Noticed a death yak
 18366 | Lair:5   | Noticed a death yak
 18381 | Lair:5   | Noticed a death yak
 18418 | Lair:4   | Killed a death yak
 18590 | Lair:5   | Killed a death yak
 18857 | Lair:5   | Killed a death yak
 18933 | Lair:4   | Killed a death yak
 19285 | Lair:4   | Mangled by a death yak

Vault maps used:
D:1:      dpeg_arrival_renting
D:2:      st_stairs_10, uniq_natasha, uniq_jessica
D:3:      lemuel_doored_altar, first_ration
D:4:      serial_shops, shop_statue
D:5:      kennysheep_generic_room_13, uniq_prince_ribbit1
D:6:      marbit_many_paths, kennysheep_little_box,
          minmay_temple_entry_large_hall, serial_shops, shop_scrolls
D:7:      lemuel_ice_spiral_2, uniq_pikel
D:8:      kennysheep_mini_moat, overflow_temple_1_default, hangedman_ru_absence,
          lair_entry_dummy, chequers_serial_rivers_room_a, item_on_display_a,
          uniq_grum
D:9:      enter_bailey_6
D:10:     grunt_livestock, minmay_liquid_box, uniq_fannar, uniq_nergalle
Temple:   compressed_dpeg_circular_temple
Lair:1:   serial_bayou_shore_a
Lair:2:   gammafunk_cloud_chamber, spider_nest_entry_webs, grunt_megastairs_2
Lair:3:   elwin_shoals_entry_stream, uniq_gastronok
Lair:5:   tgw_fedhas, uniq_josephine

Skill      XL: |  1  2  3  4  5  6  7  8  9 10 11 |
---------------+----------------------------------+-----
Spellcasting   | 3 4 5 6 7 8 |  8.0
Fighting       | 1 2 3 4 5 7 |  7.9
Summonings     | 4 5 6 7 8 9 |  9.1
Ice Magic      | 1 2 4 |  4.0
Polearms       | 1 3 4 5 |  5.3
Air Magic      | 1 4 |  4.0
Dodging        | 3 4 |  4.2
Earth Magic    | 1 3 |  3.4
Stealth        | |  1.5

Action                   |  1- 3 |  4- 6 |  7- 9 | 10-12 || total
-------------------------+-------+-------+-------+-------++-------
Melee: Dagger            |    83 |   209 |   191 |       ||   483
       Unarmed           |     6 |       |       |       ||     6
       Trident           |       |       |   326 |   241 ||   567
 Cast: Summon Small Mamm |     7 |       |       |       ||     7
       Call Imp          |    11 |    15 |     5 |       ||    31
       Call Canine Famil |       |    17 |    30 |     3 ||    50
       Summon Ice Beast  |       |       |    25 |    68 ||    93
       Summon Lightning  |       |       |    19 |    52 ||    71
  Use: Scroll            |       |       |     6 |    11 ||    17
 Stab: Sleeping          |     2 |       |     2 |     3 ||     7
       Distracted        |       |     1 |     8 |    12 ||    21
Armor: Robe              |    16 |    18 |       |    54 ||    88
       Leather armour    |       |    28 |   174 |     3 ||   205
Dodge: Dodged            |    73 |   137 |   325 |   139 ||   674

Table legend:
 A = Non-vault XP
 B = Vault XP
 C = Vault XP percentage of total XP
 D = Non-vault monster count
 E = Vault monster count
 F = Vault count percentage of total count
                 A         B        C        D         E       F
            +---------+---------+-------+---------+---------+-------
      Total |   13266 |    3061 |  18.7 |     237 |      21 |   8.1
            +---------+---------+-------+---------+---------+-------
        D:1 |      25 |       0 |   0.0 |      17 |       0 |   0.0
        D:2 |      92 |      43 |  31.9 |      18 |       6 |  25.0
        D:3 |     338 |       0 |   0.0 |      27 |       0 |   0.0
        D:4 |     162 |       0 |   0.0 |       9 |       0 |   0.0
        D:5 |     678 |     199 |  22.7 |      18 |       3 |  14.3
        D:6 |     563 |       1 |   0.2 |      18 |       1 |   5.3
        D:7 |     584 |     101 |  14.7 |      22 |       1 |   4.3
        D:8 |     757 |     155 |  17.0 |      19 |       2 |   9.5
        D:9 |    2005 |       0 |   0.0 |      32 |       0 |   0.0
       D:10 |     481 |       0 |   0.0 |       3 |       0 |   0.0
     Lair:1 |    1207 |       0 |   0.0 |       7 |       0 |   0.0
     Lair:2 |    1069 |     571 |  34.8 |      16 |       3 |  15.8
     Lair:3 |    1669 |    1991 |  54.4 |      15 |       5 |  25.0
     Lair:4 |    2047 |       0 |   0.0 |      10 |       0 |   0.0
     Lair:5 |    1589 |       0 |   0.0 |       6 |       0 |   0.0
            +---------+---------+-------+---------+---------+-------
